 Dungeon Crawl Stone Soup version 0.22-a0-423-g4197694 (webtiles) character file.

182 nikopol the Ruffian (level 5, -1/52 HPs)
             Began as a Troll Berserker on May 23, 2018.
             Was a Priest of Trog.
             Slain by an orc warrior
             ... wielding a +0 mace
              (4 damage)
             ... on level 6 of the Dungeon.
             The game lasted 00:04:16 (1716 turns).

nikopol the Ruffian (Troll Berserker)               Turns: 1716, Time: 00:04:17

Health: -1/52      AC:  5    Str: 25    XL:     5   Next: 35%
Magic:  4/4        EV: 10    Int:  4    God:    Trog [***...]
Gold:   187        SH:  0    Dex:  9    Spells: 4/4 levels left

rFire    . . .     SeeInvis .     - Unarmed
rCold    + . .     Gourm    +   (no shield)
rNeg     . . .     Faith    .   a - +0 animal skin
rPois    .         Spirit   .   (helmet restricted)
rElec    .         Reflect  .   (no cloak)
rCorr    .         Harm     .   (gloves unavailable)
MR       .....                  (boots unavailable)
Stlth    +.........             (no amulet)
HPRegen  0.57/turn              m - ring of protection from cold
MPRegen  0.09/turn              (no ring)

@: no status effects
A: large, unfitting armour, claws 3, fast metabolism 3, gourmand, regeneration
1, shaggy fur 1, tough skin 2
a: Berserk, Trog's Hand, Renounce Religion


You were on level 6 of the Dungeon.
You worshipped Trog.
Trog was most pleased with you.
You were completely stuffed.

You visited 1 branch of the dungeon, and saw 4 of its levels.

You collected 187 gold pieces.

Inventory:

Missiles
 k - 15 arrows
Armour
 a - a +0 animal skin (worn)
Jewellery
 m - a ring of protection from cold (left claw)
Scrolls
 c - 2 scrolls of identify {unknown}
 d - 2 scrolls of teleportation {unknown}
 e - 5 scrolls of remove curse {unknown}
 h - a scroll of fog {unknown}
 i - a scroll of blinking {unknown}
 l - 2 scrolls of amnesia {unknown}
Potions
 f - 2 potions of agility {unknown}
 g - 2 potions of degeneration {unknown}
 j - a potion of flight {unknown}
 n - a potion of magic {unknown}
Comestibles
 b - 7 rations
 o - 4 chunks of flesh


   Skills:
 + Level 2.9 Fighting
 + Level 3.3 Dodging
 + Level 0.1 Stealth
 + Level 5.0 Unarmed Combat


You had 4 spell levels left.
You didn't know any spells.
Your spell library was empty.

Dungeon Overview and Level Annotations

Branches:
Dungeon (3/15)

Altars:
Ru

Annotations:
D:6 Menkaure


Innate Abilities, Weirdness & Mutations

You are too large for most types of armour.
You have claws for hands.
Your metabolism is lightning-fast.
You like to eat raw meat.
Your natural rate of healing is unusually fast.
You are covered in fur. (AC +1)
You have very tough skin. (AC +2)


Message History

Menkaure calls on the powers of darkness!
The orc convulses!
The gnoll convulses!
The orc warrior convulses!
Your body is wracked with pain!
* * * LOW HITPOINT WARNING * * *
You hear a shout!
You rip the net and break free!
The gnoll hits you from afar with a spear.
* * * LOW HITPOINT WARNING * * *
The centaur zombie closely misses you. The orc warrior hits you with a mace!
* * * LOW HITPOINT WARNING * * *
You scratch the orc warrior but do no damage.
The orc warrior is heavily wounded.
The centaur zombie hits you but does no damage.
The gnoll closely misses you.
You scratch the orc warrior.
The orc warrior is severely wounded.
The centaur zombie barely misses you.
A gnoll comes into view.
An adder comes into view.
The orc warrior hits you with a mace.
You die...

# #.##
####### ..?.
.......##..#


#Z@ogo# #.##WM# #. .g.. #. ###S #. #. #. .. You could see a phantom, an orc
warrior, Menkaure, 2 gnolls, an adder (wandering), an orc and a centaur zombie.

Vanquished Creatures
  An orc priest (D:6)
  3 gnolls (D:3)
  4 adders
  2 worms
  A dart slug (D:3)
  2 leopard geckos
  An orc (D:3)
  7 bats
  10 goblins
  9 hobgoblins
  12 jackals
  4 quokkas
  A ball python (D:2)
  6 frilled lizards
  6 kobolds
  10 rats
79 creatures vanquished.

Notes
Turn   | Place    | Note
-------+----------+-------------------------------------------
     0 | D:1      | nikopol the Troll Berserker began the quest for the Orb.
     0 | D:1      | Reached XP level 1. HP: 22/22 MP: 0/0
   145 | D:1      | Reached XP level 2. HP: 29/29 MP: 1/1
   825 | D:2      | Reached XP level 3. HP: 35/36 MP: 2/2
  1036 | D:2      | Reached ** piety under Trog
  1042 | D:2      | Reached skill level 4 in Unarmed Combat
  1084 | D:2      | Reached XP level 4. HP: 44/44 MP: 3/3
  1153 | D:2      | Found a faded altar of an unknown god.
  1552 | D:3      | Reached XP level 5. HP: 42/52 MP: 4/4
  1668 | D:3      | Found a sacrificial altar of Ru.
  1708 | D:3      | You fall through a shaft for 3 floors!
  1708 | D:6      | Noticed an orc warrior
  1708 | D:6      | Noticed a phantom
  1710 | D:6      | Reached *** piety under Trog
  1710 | D:6      | Reached skill level 5 in Unarmed Combat
  1710 | D:6      | Noticed Menkaure
  1714 | D:6      | HP: 2/52 [orc warrior/mace (7)]
  1716 | D:6      | Slain by an orc warrior

Vault maps used:
D:1:      minmay_arrival_split_and_join, minmay_ruptured
D:2:      chequers_ecumenical_altar_island, corner_web_ring
D:3:      nicolae_ru_path_of_blood, kennysheep_generic_room_2
D:6:      lemuel_zombie_altar_yredelemnul, serial_shops, nicolae_shop_stone,
          uniq_sigmund, uniq_menkaure

Skill      XL: |  1  2  3  4  5 |
---------------+----------------+-----
Unarmed Combat | 4 5 |  5.0
Dodging        | 3 |  3.3
Fighting       | |  2.9
Stealth        | |  0.1

Action                   |  1- 3 |  4- 6 || total
-------------------------+-------+-------++-------
Melee: Unarmed           |    88 |    85 ||   173
       Punch             |     2 |       ||     2
  Eat: Chunk             |    15 |     6 ||    21
Armor: Animal skin       |    35 |    44 ||    79
Dodge: Dodged            |    43 |    60 ||   103

Table legend:
 A = Spawn XP
 B = Non-spawn XP
 C = Spawn XP percentage of total XP
 D = Spawn monster count
 E = Non-spawn monster count
 F = Spawn count percentage of total count
 G = Total turns spent on level
                    A         B        C        D         E        F      G
               +---------+---------+-------+---------+---------+-------+---------
         Total |       0 |     261 |   0.0 |       0 |      79 |   0.0 |  1716
               +---------+---------+-------+---------+---------+-------+---------
           D:1 |       0 |      36 |   0.0 |       0 |      24 |   0.0 |   663
           D:2 |       0 |      65 |   0.0 |       0 |      24 |   0.0 |   605
           D:3 |       0 |     119 |   0.0 |       0 |      30 |   0.0 |   440
           D:6 |       0 |      41 |   0.0 |       0 |       1 |   0.0 |     8
               +---------+---------+-------+---------+---------+-------+---------
